AoeStats
← 蟹黄堡

Four Lakes

510201274Analyzed
1v1 RM · 2d ago on Sep 29, 2026· 21m 0s· 2 players
Game mode
Random Map
Map size
Tiny (2 player)
Population
200
Speed
Normal
Resources
Standard
Victory
Conquest
Starting age
Dark Age
Ending age
Imperial Age
RankedLock teamsTeams togetherTeam positionsShared explorationLock speedFull tech treeHidden civsTurbo modeCheats
Victory
Defeat
🇺🇸 Varangians · United States
888
+15
🇨🇳 Poles · China
857
-41
蟹黄堡
12:38 Feudal Age
10:55 Loom
20:05 Wheelbarrow
xHuntsky
1:11 Loom
10:38 Feudal Age
11:06 Double-Bit Axe
10:47 Man-at-Arms
15:39 Scale Mail Armor
16:53 Wheelbarrow
19:36 Scale Barding Armor
19:22 Fletching
19:17 Horse Collar
Connection lost

Rejoining the realm…

Still unreachable

The connection could not be restored.

Session expired

The server has moved on; the page needs a fresh start.